 Dungeon Crawl Stone Soup version 0.30.0-5-g1a98f26d00 (webtiles) character file.

Game seed: 6007616720046400765

37 browni3141 the Vexing (level 3, 0/43 HPs)
             Began as a Meteoran Hexslinger on May 8, 2023.
             Succumbed to an adder's poison
             ... on level 3 of the Dungeon.
             The game lasted 00:04:26 (669 turns).

browni3141 the Vexing (Meteoran Hexslinger)          Turns: 669, Time: 00:04:27

Health: 0/43       AC: 21    Str: 11    XL:     3   Next: 88%
Magic:  5/6        EV:  2    Int: 15    God:
Gold:   108        SH:  0    Dex: 16    Spells: 1/4 levels left

rFire   . . .        b - +0 dagger (elec)
rCold   . . .        (no shield)
rNeg    . . .        c - melded +0 robe
rPois   +            (helmet currently unavailable)
rElec   .            (cloak currently unavailable)
rCorr   .            (gloves currently unavailable)
SInv    .            (boots currently unavailable)
Will    .....        (no amulet)
Stlth   +            (no ring)
HPRegen 0.27/turn    (no ring)
MPRegen 0.10/turn

%: no passive effects
@: lethally poisoned (0 -> -7), tree-form, glowing
A: stationary, stasis, torment immunity, boosted hp, sense surroundings 1,
otherworldly, glowing, explore regen
a: no special abilities


You were on level 3 of the Dungeon.
You were a tree.
You visited 1 branch of the dungeon, and saw 3 of its levels.

You collected 108 gold pieces.

Inventory:

Hand Weapons
 a - a +1 sling
 b - a +0 dagger of electrocution (weapon)
 R - a +1 dagger of draining
Missiles
 Z - 2 throwing nets
Armour
 c - a +0 robe (melded)
Scrolls
 V - a scroll of poison
 W - a scroll of teleportation {unknown}
 Y - a scroll of amnesia {unknown}
Potions
 T - a potion of heal wounds {unknown}
 U - a potion of might {unknown}
 X - a potion of resistance {unknown}


   Skills:
 - Level 2.0 Fighting
 - Level 3.0 Ranged Weapons
 - Level 2.4 Dodging
 - Level 1.3 Spellcasting
 - Level 3.6 Hexes
 * Level 2.1 Translocations


You had one spell level left.
You knew the following spells:

 Your Spells              Type           Power      Damage    Failure   Level
B - Blink                 Tloc           14%        N/A       14%         2
S - Slow                  Hex            44%        N/A       5%          1

Your spell library contained the following spells:

 Spells                   Type           Power      Damage    Failure   Level
 Lesser Beckoning         Tloc           14%        N/A       14%         2
 Momentum Strike          Conj/Tloc      8%         3d8       22%         2
 Portal Projectile        Hex/Tloc       18%        N/A       22%         3
 Inner Flame              Hex/Fire       6%         N/A       34%         3
 Cause Fear               Hex            5%         N/A       47%         4


Dungeon Overview and Level Annotations

Branches:
Dungeon (3/15) Zot: 1113

Altars:

Annotations:
D:2 Terence


Innate Abilities, Weirdness & Mutations

You are a tree.
Your roots penetrate the ground, keeping you stationary.
You cannot be teleported.
You are immune to unholy pain and torment.
Your maximum health is greatly increased.
Your equipment is partially melded.
You passively map a small area around you.
You are easily found by Zot.
You glow in the dark.
You regain HP and MP as you explore.


Message History

You hit Terence but do no damage.
Terence is lightly wounded.
Terence hits you with a +3 mace of protection!
You are too injured to fight recklessly!
You hit Terence but do no damage.
Terence is lightly wounded.
Terence hits you with a +3 mace of protection!
* * * LOW HITPOINT WARNING * * *
Terence is no longer moving slowly.
There is a stone staircase leading down here.
You climb downwards.
The adder hisses angrily.
There is a stone staircase leading up here.
Your +0 dagger of electrocution stops crackling.
a - a +1 sling (weapon)
You shoot a sling bullet.
The sling bullet hits the adder but does no damage.
The adder bites you.
Casting: Slow (safe; 5% risk of failure)
Confirm with . or Enter, or press ? or * to list all spells.
Aiming: Slow (safe; 5% risk of failure)
Press: ? - help, Shift-Dir - straight line, f/p - adder
Aim: an adder (chance to affect: 53%)
The adder seems to slow down.
The adder bites you.
You shoot a sling bullet.
The sling bullet barely misses the adder.
The adder bites you.
You hear the crackle of electricity.
b - a +0 dagger of electrocution (weapon)
You hit the adder but do no damage. The adder bites you.
You hit the adder.
The adder is moderately wounded.
The adder barely misses you.
You miss the adder.
The adder is moderately wounded.
The adder bites you but does no damage.
You hit the adder but do no damage. Lightning courses through the adder!
You kill the adder!
Your life force feels restored.
Your Translocations skill increases to level 2!
Unknown command.
Your +0 dagger of electrocution stops crackling.
a - a +1 sling (weapon)
You see here 6 gold pieces.
You now have 108 gold pieces (gained 6).
An adder comes into view.
The adder hisses angrily.
The adder bites you but does no damage. x2
The adder resists with significant effort.
The adder barely misses you.
The adder seems to slow down.
The adder bites you.
You are poisoned.
The adder poisons you!
You hear the crackle of electricity.
b - a +0 dagger of electrocution (weapon)
You feel sick.
You miss the adder.
You feel sick. The adder bites you.
You are more poisoned.
The adder poisons you!
You hit the adder.
The adder is moderately wounded.
You feel sick. The adder bites you.
You hit the adder.
The adder is severely wounded.
You feel sick. The adder bites you.
You closely miss the adder.
The adder is severely wounded.
You feel sick. The adder misses you.
You hit the adder.
The adder is almost dead.
You feel sick. The adder bites you.
You are more poisoned.
The adder poisons you!
You barely miss the adder.
The adder is almost dead.
You feel sick.
The adder is no longer moving slowly.
The adder barely misses you.
You miss the adder.
The adder is almost dead.
You feel sick. The adder bites you.
You barely miss the adder.
The adder is almost dead.
You feel sick. The adder closely misses you.
You barely miss the adder.
The adder is almost dead.
You feel sick. The adder bites you.
* * * LOW HITPOINT WARNING * * *
You are more poisoned.
The adder poisons you! The adder bites you.
* * * LOW HITPOINT WARNING * * *
You are more poisoned.
The adder poisons you!
You miss the adder.
The adder is almost dead.
* * * LOW HITPOINT WARNING * * *
You feel very sick. The adder bites you but does no damage.
It was a potion of lignification.
You turn into a tree.
Your +0 robe melds into your body.
Your roots penetrate the ground.
You die...

.# #..##.#..#.# *
.#####..##.#..#.#
..†........#..#.#######
*
###....................,
......................$
#####..................,
###.#####.#.###### #.#*
#.#.########*
#.......#.♣S...... , *
#######.#.######## * *
#####


You could see an adder.

Vanquished Creatures
  An adder (D:3)
  6 ball pythons (D:1)
  A bat (D:1)
  2 endoplasms
  A giant cockroach (D:1)
  2 goblins (D:1)
  2 hobgoblins (D:1)
  4 jackals (D:1)
  3 kobolds
  A frilled lizard (D:1)
  A rat (D:2)
24 creatures vanquished.

Notes
Turn   | Place    | Note
-------+----------+-------------------------------------------
     0 | D:1      | browni3141 the Meteoran Hexslinger began the quest for the
                  | Orb.
     0 | D:1      | Reached XP level 1. HP: 16/16 MP: 3/3
    57 | D:1      | Reached XP level 2. HP: 11/24 MP: 1/5
   289 | D:2      | Learned a level 2 spell: Blink
   345 | D:2      | Noticed Terence
   416 | D:1      | Reached skill level 3 in Ranged Weapons
   416 | D:1      | Reached XP level 3. HP: 29/29 MP: 6/6
   605 | D:2      | HP: 1/28 [Terence/+3 mace of protection (13)]
   668 | D:3      | HP: 1/29 [poisoned by an adder]
   669 | D:3      | Succumbed to an adder's poison

Illustrated notes

Levels and vault maps discovered:
D:1:      dpeg_arrival_radiant, layout_basic, roderic_filled_cross
D:2:      layout_loops_cross, hellmonk_ecumenical_altar_zigzags, uniq_terence
D:3:      layout_basic, regret_index_temple_of_mockery

Skill      XL: |  1  2  3 |
---------------+----------+-----
Fighting       | 2 |  2.0
Ranged Weapons | 3 |  3.0
Translocations | 2 |  2.1
Dodging        | |  2.4
Spellcasting   | |  1.3
Hexes          | |  3.6

Action                     || total
---------------------------++-------
  Melee: Dagger            ||    16
   Fire: Sling             ||    78
   Cast: Slow              ||    10
    Use: Potion            ||     1
 Armour: Robe              ||    17
  Dodge: Dodged            ||    41
